 Dungeon Crawl Stone Soup version 0.21-a0-94-gdd6ab6a (webtiles) character file.

2580 Ordine the Basher (level 9, -6/51 HPs)
             Began as a Gargoyle Fighter on July 3, 2017.
             Was a Believer of Okawaru.
             Mangled by a two-headed ogre
             ... wielding a +0 dire flail
              (12 damage)
             ... on level 7 of the Dungeon.
             The game lasted 00:13:23 (7222 turns).

Ordine the Basher (Gargoyle Fighter)                Turns: 7222, Time: 00:13:24

Health: -6/51      AC: 20    Str: 20    XL:     9   Next: 58%
Magic:  9/9        EV:  6    Int:  9    God:    Okawaru [**....]
Gold:   413        SH: 11    Dex: 12    Spells: 8/8 levels left

rFire    + . .     SeeInvis .   a - +1 flail
rCold    . . .     Gourm    .   c - +0 shield
rNeg     + . .     Faith    .   w - +0 chain mail
rPois    ∞         Spirit   .   p - +2 helmet
rElec    +         Reflect  .   (no cloak)
rCorr    .         Harm     .   u - +0 pair of gloves
MR       .....                  o - +0 pair of boots
Stlth    ..........             (no amulet)
HPRegen  0.17/turn              r - ring of protection from fire
MPRegen  0.11/turn              (no ring)

@: flying
A: negative energy resistance 1, electricity resistance, unbreathing,
petrification resistance, rot immunity, AC +5
a: Heroism, Renounce Religion


You were on level 7 of the Dungeon.
You worshipped Okawaru.
Okawaru was pleased with you.
You were not hungry.

You visited 2 branches of the dungeon, and saw 8 of its levels.
You also visited: Sewer.

You collected 413 gold pieces.

Inventory:

Hand Weapons
 a - a +1 flail (weapon)
Armour
 c - a +0 shield (worn)
 o - a +0 pair of boots (worn)
 p - a +2 helmet (worn)
 u - a +0 pair of gloves (worn)
 w - a +0 chain mail (worn)
Jewellery
 r - a ring of protection from fire (left hand)
Scrolls
 g - 4 scrolls of remove curse
 i - a scroll of fear
 k - 2 scrolls of fog
 q - 6 scrolls of teleportation
 v - 2 scrolls of recharging
 x - a scroll of amnesia
Potions
 e - 2 potions of haste
 j - 2 potions of agility
 l - a potion of magic
 n - a potion of cancellation
 s - a potion of curing
 z - a potion of might
 A - a potion of mutation {unknown}
Books
 d - a book of Misfortune

   Spells                             Type                      Level
   a - Confusing Touch                Hexes                        1
   b - Confuse                        Hexes                        3
   c - Gell's Gravitas                Translocation                3
   d - Petrify                        Transmutation/Earth          4
   e - Metabolic Englaciation         Hexes/Ice                    5
   f - Yara's Violent Unravelling     Hexes/Transmutation          5
Comestibles
 f - 4 bread rations
 h - a royal jelly
 m - 5 fruits
 B - a meat ration


   Skills:
 - Level 3.2 Fighting
 * Level 10.7 Maces & Flails
 - Level 3.2 Armour
 + Level 8.4 Shields


You had 8 spell levels left.
You didn't know any spells.

Dungeon Overview and Level Annotations

Branches:
Dungeon (7/15)             Temple (1/1) D:4

Altars:
Ashenzari
Cheibriados
Dithmenos
Elyvilon
Fedhas
Hepliaklqana
Kikubaaqudgha
Makhleb
Okawaru
Qazlal
Ru
Sif Muna
Trog
Uskayaw
Vehumet
Wu Jian
Yredelemnul
Zin
The Shining One


Innate Abilities, Weirdness & Mutations

You are resistant to torment.
Your stone body is resilient. (AC +5)
You are immune to poison.
You resist negative energy. (rN+)
You are resistant to electric shocks. (rElec)
You can survive without breathing.
You are immune to petrification.
You are immune to rotting.


Message History

The two-headed ogre hits you with a dire flail.
* * * LOW HITPOINT WARNING * * *
The two-headed ogre hits you with a giant club.
* * * LOW HITPOINT WARNING * * *
There is a stone staircase leading down here.
It was a potion of flight.
You feel very buoyant.
You fly up into the air.
The two-headed ogre hits you but does no damage.
The two-headed ogre barely misses you.
It was a potion of curing.
You feel better.
The two-headed ogre hits you but does no damage.
The two-headed ogre hits you with a giant club.
* * * LOW HITPOINT WARNING * * *
Your shield and chain mail prevent you from hitting the two-headed ogre.
The two-headed ogre is almost dead.
You hit the two-headed ogre.
The two-headed ogre is almost dead.
The two-headed ogre hits you with a dire flail!
You die...

#### ################..#
..................########
################..........
#..######## #..# ###@.#
#.O..# #.#.......
#.##################
#.#.................
###.##.##############.
#../.>.......# #.
#......#####.# #. #......#
#.# #.


You could see a two-headed ogre.

Vanquished Creatures
  Prince Ribbit (D:5)
  The ghost of Ordine the Cudgeler, an amateur GrFi of Okawaru (D:5)
  Eustachio (D:3)
  Menkaure (D:7)
  A water moccasin (D:5)
  An orc warrior (D:6)
  The ghost of MirrMurr the Chopper, an amateur HOFi (D:3)
  3 ogres
  2 centaurs (D:6)
  2 bullfrogs (Sewer)
  A scorpion (D:6)
  4 killer bees (D:5)
  A wight (D:5)
  A crimson imp (D:6)
  3 orc wizards
  2 orc priests
  A hound (D:5)
  2 jellies (D:6)
  2 centaur skeletons (D:6)
  2 bullfrog skeletons
  Ijyb (D:5)
  Terence (D:2)
  5 worker ants
  2 hound zombies (D:6)
  A worker ant zombie (D:6)
  Robin (D:4)
  4 gnolls
  9 adders
  A river rat (D:3)
  A shadow imp (D:6)
  An ooze (D:2)
  2 worms
  A dart slug (D:3)
  5 leopard geckos
  17 orcs
  3 bats
  8 giant cockroaches
  13 goblins
  7 hobgoblins
  6 jackals
  8 quokkas
  7 ball pythons
  6 frilled lizards
  A jackal zombie (D:6)
  7 kobolds
  2 quokka zombies (D:5)
  4 rats
  A spectral orc (D:4)
158 creatures vanquished.

Vanquished Creatures (others)
  A howler monkey (D:4)
1 creature vanquished.

Grand Total: 159 creatures vanquished

Notes
Turn   | Place    | Note
-------+----------+-------------------------------------------
     0 | D:1      | Ordine the Gargoyle Fighter began the quest for the Orb.
     0 | D:1      | Reached XP level 1. HP: 14/14 MP: 1/1
   227 | D:1      | Reached XP level 2. HP: 15/19 MP: 2/2
   765 | D:2      | Noticed Terence
   777 | D:2      | Killed Terence
   777 | D:2      | Reached skill level 3 in Maces & Flails
   777 | D:2      | Reached XP level 3. HP: 7/23 MP: 3/3
  1109 | D:2      | Found a glowing silver altar of Zin.
  1161 | D:2      | Reached XP level 4. HP: 28/28 MP: 4/4
  1320 | D:2      | Found a radiant altar of Vehumet.
  1701 | D:2      | Found a glowing golden altar of the Shining One.
  1719 | D:2      | Found a sacrificial altar of Ru.
  1731 | D:2      | Found a shadowy altar of Dithmenos.
  1837 | D:3      | Found a glowing drain.
  1846 | D:3      | Reached skill level 4 in Maces & Flails
  1853 | Sewer    | Entered a sewer
  1947 | Sewer    | Reached XP level 5. HP: 26/32 MP: 5/5
  2149 | Sewer    | Reached skill level 5 in Maces & Flails
  2170 | Sewer    | Reached skill level 5 in Shields
  2170 | Sewer    | Reached XP level 6. HP: 13/37 MP: 6/6
  2623 | D:3      | Found a hide-covered altar of Uskayaw.
  2901 | D:3      | Noticed MirrMurr's ghost (amateur HOFi)
  2912 | D:3      | Killed MirrMurr's ghost
  2979 | D:3      | Reached skill level 6 in Maces & Flails
  2984 | D:3      | Reached XP level 7. HP: 29/41 MP: 7/7
  3607 | D:4      | Noticed Robin
  3651 | D:4      | Killed Robin
  3779 | D:4      | Noticed Eustachio
  3998 | D:3      | Killed Eustachio
  3998 | D:3      | Reached skill level 7 in Maces & Flails
  4061 | D:4      | Found a blossoming altar of Fedhas.
  4068 | D:4      | Found a basalt altar of Yredelemnul.
  4236 | D:4      | Found a staircase to the Ecumenical Temple.
  4245 | Temple   | Entered the Ecumenical Temple
  4637 | D:4      | Found an iron altar of Okawaru.
  4646 | D:4      | Became a worshipper of Warmaster Okawaru
  4816 | D:5      | Entered Level 5 of the Dungeon
  4871 | D:5      | Noticed Ijyb
  4887 | D:5      | Killed Ijyb
  4902 | D:5      | Found a burning altar of Makhleb.
  5013 | D:5      | Reached XP level 8. HP: 46/46 MP: 8/8
  5177 | D:5      | Reached * piety under Okawaru
  5177 | D:5      | Reached skill level 8 in Maces & Flails
  5349 | D:5      | Noticed Ordine's ghost (amateur GrFi)
  5386 | D:5      | Killed Ordine's ghost
  5574 | D:5      | Noticed Prince Ribbit
  5605 | D:5      | Killed Prince Ribbit
  5605 | D:5      | Reached skill level 9 in Maces & Flails
  6124 | D:5      | Reached XP level 9. HP: 51/51 MP: 9/9
  6430 | D:6      | Reached ** piety under Okawaru
  6480 | D:6      | Reached skill level 10 in Maces & Flails
  6927 | D:7      | Noticed Menkaure
  6932 | D:7      | Killed Menkaure
  7177 | D:7      | Noticed a two-headed ogre
  7200 | D:7      | HP: 1/51 [two-headed ogre/dire flail (3)]
  7222 | D:7      | Mangled by a two-headed ogre

Vault maps used:
D:1:      lemuel_arrival_river_passageway, st_stairs_14
D:2:      zin_academy, nicolae_overflow_quartered_altars, uniq_terence
D:3:      kb_forest_paths, nicolae_overflow_hidden_temple,
          cheibrodos_sewer_entry_sluice
D:4:      overflow_temple_1_default, overflow_temple_1_default,
          yredelemnul_forgotten_temple_becter, lemuel_temple_firewalk_a,
          first_bread, uniq_robin, uniq_eustachio
D:5:      makhleb_blood_cavern_becter, uniq_prince_ribbit1, uniq_ijyb
D:6:      kennysheep_spiral_hall, minivault_22
D:7:      grunt_gozag_breadcrumbs, kennysheep_mini_moat, hangedman_decor_push,
          uniq_menkaure
Temple:   compressed_dpeg_triangle_lava_temple
Sewer:    sewer_frog_island_01

Skill      XL: |  1  2  3  4  5  6  7  8  9 |
---------------+----------------------------+-----
Maces & Flails | 3 4 5 6 7 9 10 | 10.7
Shields        | 4 5 6 7 8 |  8.4
Fighting       | |  3.2
Armour         | |  3.2

Action                   |  1- 3 |  4- 6 |  7- 9 || total
-------------------------+-------+-------+-------++-------
Melee: Flail             |    66 |   168 |   584 ||   818
  Use: Scroll            |     4 |     3 |     8 ||    15
       Potion            |     1 |     1 |     7 ||     9
  Eat: Chunk             |     1 |     6 |    15 ||    22
Armor: Scale mail        |    28 |    86 |   152 ||   266
       Chain mail        |       |       |   150 ||   150
Dodge: Dodged            |    22 |    46 |   172 ||   240
Block: Shield            |    38 |    91 |   302 ||   431
